 Dungeon Crawl Stone Soup version 0.28-a0-664-gc179e30c89 (webtiles) character file.

Game seed: 17287928474224173463

24 blank1 the Cudgeller (level 2, -1/23 HPs)
             Began as a Demonspawn Gladiator on Oct 16, 2021.
             Killed by divine providence
             ... invoked by a daeva
              (10 damage)
             ... on level 1 of the Abyss.
             The game lasted 00:01:40 (656 turns).

blank1 the Cudgeller (Demonspawn Gladiator)          Turns: 656, Time: 00:01:40

Health: -1/23      AC:  8    Str: 14    XL:     2   Next: 79%
Magic:  2/2        EV: 12    Int:  9    God:
Gold:   40         SH:  0    Dex: 14    Spells: 1/1 levels left

rFire   . . .      SeeInvis .   a - +0 flail
rCold   . . .      Faith    .   (no shield)
rNeg    . . .      Spirit   .   b - +0 leather armour
rPois   .          Reflect  .   c - +0 helmet
rElec   .          Harm     .   (no cloak)
rCorr   .          Rampage  .   (no gloves)
Will    .....                   (no boots)
Stlth   +.........              (no amulet)
HPRegen 0.07/turn               g - +4 ring of protection
MPRegen 0.08/turn               (no ring)

@: very slow
A: ignite blood 1
a: no special abilities


You were on level 1 of the Abyss.
You visited 1 branch of the dungeon, and saw 1 of its levels.
You visited the Abyss 1 time.

You collected 40 gold pieces.

Inventory:

Hand Weapons
 a - a +0 flail (weapon)
Missiles
 d - 3 throwing nets (quivered)
Armour
 b - a +0 leather armour (worn)
 c - a +0 helmet (worn)
Jewellery
 g - a +4 ring of protection (left hand)
Scrolls
 e - a scroll of teleportation {unknown}
 f - a scroll of vulnerability {unknown}
Potions
 h - a potion of curing {unknown}


   Skills:
 + Level 2.4 Fighting
 - Level 3.0 Maces & Flails
 - Level 1.7 Throwing
 - Level 1.0 Armour
 - Level 3.0 Dodging


You had one spell level left.
You didn't know any spells.
Your spell library was empty.

Dungeon Overview and Level Annotations

Branches:
Dungeon (1/15)

Altars:


Innate Abilities, Weirdness & Mutations

Your demonic aura sometimes causes spilled blood to erupt in flames.


Message History

A kobold comes into view. It is wielding a +0 club.
A kobold is nearby!
A kobold comes into view.
It is wielding a +1 dagger of distortion.
Found 12 gold pieces.
The kobold shouts!
The kobold closely misses you.
You closely miss the kobold. The kobold completely misses you.
You closely miss the kobold.
The kobold hits you with a +1 dagger of distortion.
The kobold closely misses you.
You barely miss the kobold. The kobold closely misses you.
You barely miss the kobold. The kobold hits you but does no damage.
You blink.
The kobold closely misses you.
You barely miss the kobold. The kobold hits you but does no damage.
You are cast into the Abyss!
To return, you must find a gate leading back.
Killing monsters will force the Abyss to allow you passage.
This branch contains the abyssal rune of Zot.
Found an emerald potion.
Found an ivory ring.
g - a +4 ring of protection
h - an emerald potion
g - a +4 ring of protection (left hand)
Found 30 gold pieces.
Found 24 gold pieces, a scroll labelled EDUEBR TIETOSCH and a chain mail.
Found a glaive.
A daeva comes into view.
It is wielding a +2 eudemon blade of holy wrath.
The daeva shouts!
The daeva calls down the wrath of the Shining One upon you.
The Shining One smites you!
Ouch! That really hurt!
You see here a scroll labelled EDUEBR TIETOSCH.
You see here a +0 chain mail.
A large abomination comes into view.
Found a notched tourmaline ring.
You enter the shallow water.
Moving in this stuff is going to be slow.
The daeva calls down the wrath of the Shining One upon you.
The Shining One smites you!
You die...

.# ≈≈≈≈≈≈≈ ##
.##≈≈≈ ≈≈≈ X#..
...≈≈≈≈≈≈≈
=...##..≈≈≈≈≈≈≈
#...)..≈≈#≈≈≈.≈
#.#....≈.≈≈≈≈.#
#..##.≈≈.≈≈≈≈≈≈≈
. #.#..≈@# ≈##≈≈
.#...≈≈.##≈≈≈≈≈≈
#....♣≈.[#≈≈≈≈≈≈
###.#≈≈#?≈≈≈≈≈≈≈
#$#≈≈...≈≈≈≈#≈≈
$##..≈≈#..≈≈≈≈≈≈≈
....≈≈#.##≈≈≈A≈≈≈
.##≈≈.. ≈≈≈≈≈≈≈
.# ..≈ .##≈≈.≈≈≈≈


You could see a daeva and a large abomination.

Vanquished Creatures
  2 dart slugs (D:1)
  5 endoplasms (D:1)
  A giant cockroach (D:1)
  2 goblins (D:1)
  4 hobgoblins (D:1)
  A quokka (D:1)
  A bat (D:1)
16 creatures vanquished.

Notes
Turn   | Place    | Note
-------+----------+-------------------------------------------
     0 | D:1      | blank1 the Demonspawn Gladiator began the quest for the
                  | Orb.
     0 | D:1      | Reached XP level 1. HP: 16/16 MP: 1/1
   192 | D:1      | Gained mutation: Your demonic aura sometimes causes spilled
                  | blood to erupt in flames. [demonic ancestry]
   192 | D:1      | Reached XP level 2. HP: 22/22 MP: 2/2
   567 | D:1      | Reached skill level 1 in Armour
   617 | D:1      | Cast into level 1 of the Abyss (kobold)
   652 | Abyss:1  | Noticed a daeva
   655 | Abyss:1  | Noticed a large abomination
   656 | Abyss:1  | Killed from afar by a daeva

Illustrated notes

Levels and vault maps discovered:
D:1:      wander_arrival_fairy_ring, layout_basic, basic_ecumenical_altar
Abyss:1:  base:
Temple

Skill      XL: |  1  2 |
---------------+-------+-----
Maces & Flails | 3 |  3.0
Dodging        | 3 |  3.0
Armour         | 1 |  1.0
Fighting       | |  2.4
Throwing       | |  1.7

Action                   || total
-------------------------++-------
Melee: Flail             ||    64
 Stab: Sleeping          ||     3
Armor: Leather armour    ||    16
Dodge: Dodged            ||    44

Table legend: (Time is in decaauts)
 A = Elapsed time spent in this place.
 B = Non-inter-level travel time spent in this place.
 C = Inter-level travel time spent in this place.
 D = Time resting spent in this place.
 E = Time spent auto-exploring this place.
 F = Levels seen in this place.
 G = Mean time per level.
                   A        B        C        D        E       F      G
               +--------+--------+--------+--------+--------+-----+--------+
         Total |    672 |    672 |      0 |    113 |    361 |   2 |  336.0 |
       Dungeon |    633 |    633 |      0 |    113 |    361 |   1 |  633.0 |
         Abyss |     38 |     38 |      0 |      0 |      0 |   1 |   38.0 |
               +--------+--------+--------+--------+--------+-----+--------+

Top non-repeatable levels by time:
     D:1: 633 daAuts
 Abyss:1: 38 daAuts
